 Dungeon Crawl Stone Soup version 0.25-a0-634-gd1561dc703 (webtiles) character file.

Game seed: 6714632149227503773, levelgen mode: deterministic

233 An17 the Skirmisher (level 5, 47/47 HPs)
             Began as a Demonspawn Wanderer on Mar 20, 2020.
             Was an Initiate of Wu Jian.
             Got out of the dungeon alive.
             The game lasted 00:05:02 (1724 turns).

An17 the Skirmisher (Demonspawn Wanderer)           Turns: 1724, Time: 00:05:03

Health: 47/47      AC:  5    Str: 15    XL:     5   Next: 75%
Magic:  5/5        EV: 10    Int: 12    God:    Wu Jian [......]
Gold:   147        SH:  4    Dex: 12    Spells: 4/4 levels left

rFire    . . .     SeeInvis .   a - +2 dagger
rCold    . . .     Gourm    .   (no shield)
rNeg     . . .     Faith    .   c - +0 ring mail
rPois    .         Spirit   .   (no helmet)
rElec    .         Reflect  .   (no cloak)
rCorr    .         Harm     .   (no gloves)
MR       .....                  (no boots)
Stlth    ..........             (no amulet)
HPRegen  0.15/turn              (no ring)
MPRegen  0.09/turn              (no ring)

@: lightly drained
A: hooves 2, large bone plates 1, spiny 1
a: Renounce Religion


You escaped.
You worshipped Wu Jian.
Wu Jian was noncommittal.
You were not hungry.

You visited 1 branch of the dungeon, and saw 3 of its levels.

You collected 147 gold pieces.

Inventory:

Hand Weapons
 a - a +2 dagger (weapon)
 m - a +0 short sword of draining
Missiles
 b - a curare-tipped dart (quivered)
 g - 15 poisoned darts
Armour
 c - a +0 ring mail (worn)
Jewellery
 l - a +2 ring of strength
Scrolls
 d - 2 scrolls of teleportation
Potions
 e - a potion of flight {unknown}
 h - a potion of mutation
 i - 2 potions of invisibility {unknown}
 j - a potion of stabbing {unknown}
 k - a potion of might {unknown}
Comestibles
 f - 4 rations


   Skills:
 + Level 6.5(6.0) Fighting
 + Level 1.1(0.6) Short Blades
   Level 1.7(1.3) Crossbows
 + Level 1.1(0.6) Throwing
 + Level 2.3(1.8) Armour
 + Level 0.4(0.0) Dodging
 + Level 1.0(0.5) Stealth


You had 4 spell levels left.
You didn't know any spells.
Your spell library was empty.

Dungeon Overview and Level Annotations

Branches:
Dungeon (3/15)

Altars:
Sif Muna
Wu Jian
Yredelemnul


Innate Abilities, Weirdness & Mutations

You have hoof-like feet.
You are partially covered in large bone plates. (SH +4)
You are partially covered in sharp spines.


Message History

You kill the frilled lizard!
The Council accepts your kill.
You now have 147 gold pieces (gained 10).
Found a stone staircase leading up.
i - 2 murky amethyst potions (gained 1)
There is a stone staircase leading up here.
You climb upwards.
There is a stone staircase leading down here.
There is a stone staircase leading down here.
There is a stone staircase leading up here.
You climb upwards.
There is a stone staircase leading down here.
There is an open door here.
You see here 2 stones.
There is an open door here.
There is a staircase leading out of the dungeon here.
You can't go up here!
There is a staircase leading out of the dungeon here.
Are you sure you want to leave the Dungeon?
This will make you lose the game!
You have escaped!

#.#...#.##....####...
#.#####'##...#.###.#.
#....#..#.#...###..#.
#....+..#(..####..##.
#....#.......###.###.
#.#####'#....##..# #.
#.#...#.(.####..## #.
#.#...#.#####..## ##
#.#.@.'.###)..## #
#.#...###...### #
#.#####...#.# #
#........##.#
###########.# #.# #.#
#.#########
#..........


There were no monsters in sight!

Vanquished Creatures
  Sigmund (D:2)
  3 adders (D:2)
  An ooze (D:2)
  A worm (D:2)
  A dart slug (D:1)
  2 leopard geckos (D:1)
  5 bats
  2 giant cockroaches
  2 gnoll zombies (D:2)
  4 goblins
  4 hobgoblins
  3 jackals (D:2)
  5 frilled lizards
  7 kobolds
  3 rats
44 creatures vanquished.

Notes
Turn   | Place    | Note
-------+----------+-------------------------------------------
     0 | D:1      | An17 the Demonspawn Wanderer began the quest for the Orb.
     0 | D:1      | An17 set off with the following items: a +2 dagger, a
                  | curare-tipped dart, a +0 ring mail, a scroll of
                  | teleportation, a ration
     0 | D:1      | Reached XP level 1. HP: 19/19 MP: 1/1
    37 | D:1      | You fall into a shaft and drop 1 floor!
    52 | D:2      | Gained mutation: You are partially covered in large bone
                  | plates. (SH +4) [demonic ancestry]
    52 | D:2      | Reached XP level 2. HP: 15/26 MP: 2/2
    80 | D:2      | Noticed Sigmund
    94 | D:2      | Killed Sigmund
    94 | D:2      | Reached skill level 6 in Fighting
    94 | D:2      | Gained mutation: You have large cloven feet. [demonic
                  | ancestry]
    94 | D:2      | Reached XP level 3. HP: 16/34 MP: 3/3
    94 | D:2      | Gained mutation: You have hoof-like feet. [demonic
                  | ancestry]
    94 | D:2      | Reached XP level 4. HP: 19/40 MP: 4/4
    94 | D:2      | Gained mutation: You are partially covered in sharp spines.
                  | [demonic ancestry]
    94 | D:2      | Reached XP level 5. HP: 22/46 MP: 5/5
   721 | D:1      | Reached skill level 1 in Short Blades
   849 | D:2      | Found a basalt altar of Yredelemnul.
   897 | D:2      | Found an ornate altar of the Wu Jian Council.
  1029 | D:2      | Found a shimmering blue altar of Sif Muna.
  1382 | D:2      | Became a worshipper of the Wu Jian Council
  1724 | D:$      | Got out of the dungeon alive.

Levels and vault maps discovered:
D:1:      arrival_zaba_pyramid, layout_basic, minivault_26
D:2:      layout_loops_corners, lemuel_zombie_altar_yredelemnul,
          lemuel_crystal_altar, marbit_many_paths, minmay_heptomino_d4,
          uniq_sigmund
D:3:      layout_loops_ring, nicolae_ru_the_path_less_chosen, first_ration,
          minmay_misc_feat_encased, grunt_decor_arrowhead

Skill      XL: |  1  2  3  4  5 |
---------------+----------------+-----
Fighting       | 6 |  6.5
Armour         | 2 |  2.3
Short Blades   | 1 |  1.1
Crossbows      | |  1.7
Throwing       | |  1.1
Dodging        | |  0.4
Stealth        | |  1.0

Action                   |  1- 3 |  4- 6 || total
-------------------------+-------+-------++-------
Melee: Dagger            |    33 |    78 ||   111
       Kick              |       |    14 ||    14
Throw: Dart              |     1 |       ||     1
  Use: Scroll            |     1 |     2 ||     3
  Eat: Ration            |       |     1 ||     1
Armor: Ring mail         |    12 |    18 ||    30
Dodge: Dodged            |    19 |    28 ||    47
Block: Other             |     2 |    12 ||    14

Table legend:
 A = Non-vault XP
 B = Vault XP
 C = Vault XP percentage of total XP
 D = Non-vault monster count
 E = Vault monster count
 F = Vault count percentage of total count
                 A         B        C        D         E       F
            +---------+---------+-------+---------+---------+-------
      Total |      97 |     237 |  71.0 |      39 |       5 |  11.4
            +---------+---------+-------+---------+---------+-------
        D:1 |      28 |       0 |   0.0 |      15 |       0 |   0.0
        D:2 |      68 |     237 |  77.7 |      23 |       5 |  17.9
        D:3 |       1 |       0 |   0.0 |       1 |       0 |   0.0
            +---------+---------+-------+---------+---------+-------
